General information
- name: BNet
- type: Ladder team game (AT/RT)
- host: Battle.net
- saver: iggy_the_fisk
map: Friends
- players: 8
- length: 09:31
- speed: Fast
- version: 1.21 W3XP
- replay type:

» download(82 KB)
Players
team 1 (loser)
Greenturtle (
yellow | 65 APM | 617 actions | 09:25)
1 Shadow Hunter
1 Serpent Ward
» actions
| Assign group hotkey | 6 | |
| Build / train | 31 | |
| Enter build submenu | 14 | |
| Enter hero's abilities submenu | 1 | |
| Remove unit from queue | 4 | |
| Right click | 444 | |
| Select / deselect | 83 | |
| Select group hotkey | 7 | |
| Use ability | 27 | |
617 total
» units
| Peon | 13 | |
| Grunt | -1 | |
| Troll Headhunter/Berserker | 4 | |
| Raider | 6 | |
22 total
» upgrades
| Spiked Barricades | 0 | |
| Ranged Weapons | 1 | |
1 total
» buildings
| Altar of Storms | 1 | |
| Orc Burrow | 3 | |
| War Mill | 1 | |
| Barracks | 1 | |
| Stronghold | 1 | |
| Watch Tower | 8 | |
| Beastiary | 1 | |
| Spirit Lodge | 1 | |
17 total
» build order
00:08 Altar of Storms
00:11 Orc Burrow
00:52 War Mill
01:50 Orc Burrow
02:07 Barracks
03:47 Stronghold
04:00 Orc Burrow
04:26 Watch Tower
04:32 Watch Tower
04:36 Watch Tower
04:40 Watch Tower
06:29 Beastiary
06:33 Spirit Lodge
07:14 Watch Tower
07:19 Watch Tower
07:22 Watch Tower
07:24 Watch Tower
Kl1n1 (
orange | 73 APM | 685 actions | 09:20)
1 Shadow Hunter
1 Serpent Ward
» actions
| Assign group hotkey | 7 | |
| Basic commands | 1 | |
| Build / train | 26 | |
| Enter build submenu | 14 | |
| Enter hero's abilities submenu | 1 | |
| Remove unit from queue | 1 | |
| Right click | 377 | |
| Select / deselect | 196 | |
| Select group hotkey | 25 | |
| Use ability | 37 | |
685 total
» units
» upgrades
» buildings
| Altar of Storms | 1 | |
| Orc Burrow | 4 | |
| Barracks | 2 | |
| War Mill | 1 | |
| Watch Tower | 2 | |
| Stronghold | 1 | |
| Voodoo Lounge | 3 | |
14 total
» build order
00:06 Altar of Storms
00:09 Orc Burrow
00:39 Barracks
01:41 Orc Burrow
02:35 War Mill
03:51 Orc Burrow
04:06 Watch Tower
04:13 Watch Tower
04:39 Stronghold
05:20 Voodoo Lounge
05:33 Voodoo Lounge
05:51 Voodoo Lounge
06:01 Barracks
09:11 Orc Burrow
» items
| Healing Salve | 2 | |
| Potion of Healing | 1 | |
3 total
Th3cRow (
blue | 62 APM | 569 actions | 09:14)
1 Archmage
1 Summon Water Elemental
» actions
| Build / train | 47 | |
| Enter build submenu | 21 | |
| Enter hero's abilities submenu | 1 | |
| Remove unit from queue | 3 | |
| Right click | 323 | |
| Select / deselect | 135 | |
| Use ability | 39 | |
569 total
» units
» upgrades
» buildings
| Altar of Kings | 1 | |
| Farm | 3 | |
| Barracks | 1 | |
| Lumber Mill | 1 | |
| Scout Tower | 15 | |
| Guard Tower | 11 | |
32 total
» build order
00:07 Altar of Kings
00:21 Farm
00:23 Barracks
00:51 Lumber Mill
01:14 Farm
02:23 Farm
04:20 Scout Tower
04:22 Scout Tower
04:23 Scout Tower
04:25 Scout Tower
04:27 Scout Tower
04:29 Scout Tower
04:52 Guard Tower
04:57 Scout Tower
05:00 Guard Tower
05:09 Guard Tower
05:27 Scout Tower
05:28 Scout Tower
05:30 Scout Tower
05:32 Scout Tower
05:54 Guard Tower
05:56 Guard Tower
05:57 Guard Tower
06:17 Guard Tower
08:01 Scout Tower
08:02 Scout Tower
08:05 Scout Tower
08:07 Scout Tower
08:31 Guard Tower
08:37 Guard Tower
08:37 Guard Tower
08:57 Guard Tower
unholyrazer (
green | 66 APM | 630 actions | 09:29)
1 Dark Ranger
1 Black Arrow
» actions
| Assign group hotkey | 8 | |
| Basic commands | 12 | |
| Build / train | 32 | |
| Enter build submenu | 18 | |
| Enter hero's abilities submenu | 1 | |
| Remove unit from queue | 3 | |
| Right click | 290 | |
| Select / deselect | 240 | |
| Use ability | 26 | |
630 total
» units
» buildings
| Altar of Kings | 1 | |
| Barracks | 1 | |
| Farm | 3 | |
| Lumber Mill | 1 | |
| Scout Tower | 10 | |
| Arcane Tower | 1 | |
| Guard Tower | 9 | |
| Keep | 1 | |
| Blacksmith | 1 | |
28 total
» build order
00:18 Altar of Kings
00:25 Barracks
00:37 Farm
01:04 Lumber Mill
01:17 Farm
01:57 Scout Tower
02:29 Arcane Tower
02:35 Farm
03:19 Scout Tower
03:48 Scout Tower
03:49 Guard Tower
04:15 Scout Tower
04:18 Scout Tower
04:19 Scout Tower
04:34 Guard Tower
04:42 Guard Tower
04:48 Guard Tower
05:31 Scout Tower
05:43 Guard Tower
05:46 Scout Tower
06:05 Guard Tower
06:07 Scout Tower
06:31 Guard Tower
06:33 Scout Tower
06:48 Guard Tower
07:05 Guard Tower
07:24 Keep
08:49 Blacksmith
» items
team 2 (winner)

»
DrGoodmanners (
purple | 95 APM | 904 actions | 09:29)
1 Firelord
1 Incinerate
» actions
| Assign group hotkey | 61 | |
| Build / train | 18 | |
| Enter build submenu | 36 | |
| Enter hero's abilities submenu | 1 | |
| Right click | 519 | |
| Select / deselect | 196 | |
| Select group hotkey | 1 | |
| Use ability | 72 | |
904 total
» units
» buildings
| Altar of Storms | 2 | |
| Orc Burrow | 2 | |
| War Mill | 1 | |
| Watch Tower | 24 | |
29 total
» build order
00:08 Altar of Storms
00:18 Orc Burrow
01:29 War Mill
01:37 Orc Burrow
03:11 Watch Tower
03:11 Watch Tower
03:14 Watch Tower
03:16 Watch Tower
03:38 Watch Tower
04:27 Watch Tower
04:27 Watch Tower
04:36 Watch Tower
04:36 Watch Tower
04:51 Watch Tower
05:42 Watch Tower
06:03 Watch Tower
06:22 Watch Tower
06:26 Watch Tower
06:28 Watch Tower
06:30 Watch Tower
07:16 Watch Tower
07:17 Watch Tower
07:23 Watch Tower
07:24 Watch Tower
07:39 Watch Tower
08:25 Watch Tower
08:44 Watch Tower
09:01 Altar of Storms
09:05 Watch Tower

»
iggy_the_fisk (
teal | 83 APM | 788 actions | 09:31)
3 Blademaster
2 Wind Walk
1 Critical Strike
» actions
| Assign group hotkey | 11 | |
| Build / train | 25 | |
| Enter build submenu | 23 | |
| Enter hero's abilities submenu | 3 | |
| Remove unit from queue | 3 | |
| Right click | 540 | |
| Select / deselect | 134 | |
| Select group hotkey | 11 | |
| Use ability | 38 | |
788 total
» units
» buildings
| Altar of Storms | 1 | |
| Orc Burrow | 3 | |
| War Mill | 1 | |
| Watch Tower | 15 | |
| Voodoo Lounge | 2 | |
| Stronghold | 1 | |
| Barracks | 1 | |
24 total
» build order
00:03 Altar of Storms
00:18 Orc Burrow
01:01 War Mill
01:14 Orc Burrow
02:26 Watch Tower
03:15 Voodoo Lounge
03:16 Voodoo Lounge
03:31 Watch Tower
03:39 Stronghold
03:46 Watch Tower
04:05 Watch Tower
04:07 Watch Tower
04:23 Watch Tower
05:01 Watch Tower
05:41 Watch Tower
05:49 Barracks
05:52 Watch Tower
06:49 Watch Tower
06:51 Watch Tower
07:00 Orc Burrow
07:56 Watch Tower
07:57 Watch Tower
08:27 Watch Tower
09:18 Watch Tower
» items

»
nutsonyochin.DE (
pink | 71 APM | 678 actions | 09:29)
3 Blademaster
2 Wind Walk
1 Critical Strike
» actions
| Assign group hotkey | 2 | |
| Basic commands | 6 | |
| Build / train | 24 | |
| Enter build submenu | 34 | |
| Enter hero's abilities submenu | 3 | |
| Right click | 392 | |
| Select / deselect | 93 | |
| Select group hotkey | 71 | |
| Use ability | 53 | |
678 total
» units
» upgrades
» buildings
| Altar of Storms | 1 | |
| Orc Burrow | 2 | |
| War Mill | 1 | |
| Watch Tower | 24 | |
| Voodoo Lounge | 2 | |
| Stronghold | 1 | |
| Great Hall | 1 | |
| Beastiary | 1 | |
33 total
» build order
00:07 Altar of Storms
00:22 Orc Burrow
00:35 War Mill
01:35 Orc Burrow
01:49 Watch Tower
02:22 Watch Tower
02:32 Watch Tower
03:10 Watch Tower
03:37 Voodoo Lounge
03:42 Watch Tower
03:46 Watch Tower
03:54 Watch Tower
03:55 Watch Tower
04:00 Watch Tower
04:14 Watch Tower
04:28 Stronghold
05:19 Watch Tower
05:20 Watch Tower
05:22 Watch Tower
05:25 Watch Tower
05:47 Watch Tower
05:48 Watch Tower
06:13 Watch Tower
06:20 Watch Tower
06:36 Watch Tower
06:37 Watch Tower
07:05 Watch Tower
07:06 Watch Tower
07:31 Watch Tower
07:33 Watch Tower
08:02 Great Hall
08:12 Beastiary
09:27 Voodoo Lounge
» items
Titus_PulloXIII (
red | 61 APM | 575 actions | 09:29)
2 Priestess of the Moon
1 Searing Arrows
1 Trueshot Aura
» actions
| Assign group hotkey | 3 | |
| Basic commands | 33 | |
| Build / train | 25 | |
| ESC pressed | 1 | |
| Enter build submenu | 11 | |
| Enter hero's abilities submenu | 2 | |
| Right click | 403 | |
| Select / deselect | 79 | |
| Use ability | 18 | |
575 total
» units
» buildings
| Altar of Elders | 1 | |
| Moon Well | 6 | |
| Ancient of Wonders | 1 | |
| Tree of Ages | 1 | |
| Tree of Eternity | 1 | |
| Hunter's Hall | 1 | |
| Ancient of Wind | 1 | |
12 total
» build order
00:08 Altar of Elders
00:23 Moon Well
01:18 Moon Well
03:29 Moon Well
03:40 Ancient of Wonders
03:54 Moon Well
04:55 Moon Well
05:36 Tree of Ages
06:04 Moon Well
08:37 Tree of Eternity
08:39 Hunter's Hall
08:44 Ancient of Wind
» items
Chat log
(00:10 / Allies) DrGoodmanners: hm i wanted to be ne on this map
(00:11 / Allies) DrGoodmanners: now i dont know.
(00:19 / Allies) nutsonyochin.DE: good thing we got some hu
(00:43 / Allies) DrGoodmanners: lets take mid...
(00:54 / Allies) nutsonyochin.DE: iberg crying "i need to go t o sleep waaah"
(00:54 / Allies) Titus_PulloXIII: kkk
(01:03 / Allies) iggy_the_fisk: triheroingg
(01:13 / Allies) nutsonyochin.DE: listen, B!TCH, if u cant handle the heat get tfo myt kitchen
(01:42 / Allies) DrGoodmanners: what hero i Get
(01:50 / Allies) Titus_PulloXIII: what does ur heart say
(01:53 / Allies) DrGoodmanners: firelord
(02:01 / Allies) DrGoodmanners: soulburn is sweet
(02:01 / Allies) nutsonyochin.DE: Lord of falems.......
(02:02 / Allies) DrGoodmanners: under rated
(02:11 / Allies) DrGoodmanners: lord of teh fail
(02:20 / Allies) DrGoodmanners: eopic fai
(02:21 / Allies) DrGoodmanners: l
(02:25 / Allies) nutsonyochin.DE: phail
(04:09 / Allies) DrGoodmanners: oh shit
(04:23 / Allies) nutsonyochin.DE: you saw orc going with peon, why wouldnt you tower main.
(04:29 / Allies) DrGoodmanners: who saw
(04:44 / Allies) nutsonyochin.DE: me and berg
(04:58 / Allies) DrGoodmanners: asp bergers
(05:32 / Allies) DrGoodmanners: need gold..
(05:57 / Allies) nutsonyochin.DE: hey those arent our towers woops
(06:50 / Allies) nutsonyochin.DE: good thing these guys bad
(07:03 / Allies) DrGoodmanners: first time it's actually good to be orc on friends
(07:33 / Allies) iggy_the_fisk: cata out
(07:41 / Allies) iggy_the_fisk: go w hero
(08:05 / Allies) iggy_the_fisk: mata wakey
(08:10 / Allies) DrGoodmanners: huh
(08:10 / Allies) DrGoodmanners: oh
(08:15 / Allies) DrGoodmanners: was Away
(08:35 / Allies) DrGoodmanners: need gold..
(08:35 / Allies) nutsonyochin.DE: oops
(09:24 / All) DrGoodmanners: hmmm.. epic fail.